 Dungeon Crawl Stone Soup version 0.31.0-12-g77e489cdc1 (webtiles) character file.

Game seed: 12894948869827621345

525 Killerpretzel the Changeling (level 7, 0/46 HPs)
             Began as an Octopode Shapeshifter on Feb 13, 2024.
             Slain by an orc
             ... wielding a +0 hand axe
              (6 damage)
             ... on level 4 of the Dungeon.
             The game lasted 00:05:50 (3206 turns).

Killerpretzel the Changeling (OpSh)                 Turns: 3206, Time: 00:05:50

Health: 0/46       AC:  1    Str: 14    XL:     7   Next: 23%
Magic:  7/7        EV: 14    Int: 12    God:
Gold:   205        SH:  0    Dex: 13    Spells: 6/6 levels left

rFire   . .          .
                       - Unarmed
rCold   . . .        (no shield)
rNeg    . . .        (helmet currently unavailable)
rPois   .            d - amulet of magic regeneration
rElec   .            (no ring)
rCorr   .            (no ring)
SInv    .            (no ring)
Will    .....        (no ring)
Stlth   ++           (no ring)
HPRegen 0.27/turn    (no ring)
MPRegen 0.50/turn    (no ring)
                     (no ring)

%: no passive effects
@: lethally poisoned (0 -> -4), beast-form
A: beast (slay +2), almost no armour, amphibious, 8 rings, camouflage 1,
gelatinous body 1, (nimble swimmer 1), tentacles
a: Begin Untransformation


You were on level 4 of the Dungeon.
You were a hulking beast.
You visited 1 branch of the dungeon, and saw 4 of its levels.
You also visited: Sewer.

You collected 205 gold pieces.

Inventory:

Jewellery
 d - an amulet of magic regeneration (around mantle)
 m - a ring of ice
Talismans
 b - a beast talisman
 c - a flux talisman
Scrolls
 o - 2 scrolls of enchant weapon
Potions
 a - a potion of lignification
 e - 4 potions of curing
 f - a potion of degeneration {unknown}
 g - 2 potions of enlightenment {unknown}
 i - 2 potions of haste {unknown}
 k - 2 potions of mutation {unknown}


   Skills:
 + Level 3.3 Fighting
 + Level 3.7 Dodging
 + Level 4.4 Unarmed Combat
 * Level 5.2 Shapeshifting


You had 6 spell levels left.
You didn't know any spells.
Your spell library contained the following spells:

 Spells                   Type           Power      Damage    Failure   Level
 Magic Dart               Conj           0%         1d3       32%         1
 Searing Ray              Conj           0%         2d4       45%         2
 Ozocubu's Armour         Ice            0%         N/A       69%         3
 Fulminant Prism          Conj/Alch      0%         3d5       97%         4
 Metabolic Englaciation   Hex/Ice        0%         N/A       100%        5
 Sculpt Simulacrum        Ice/Alch       0%         N/A       100%        6
 Ozocubu's Refrigeration  Ice            0%         4d7       100%        7
 Chain Lightning          Conj/Air       0%         N/A       100%        9
 Fire Storm               Conj/Fire      0%         5d1       100%        9
 Polar Vortex             Ice            0%         N/A       100%        9
 Shatter                  Erth           0%         3d5*      100%        9


Dungeon Overview and Level Annotations

Branches:
Dungeon (4/15)              Sewer (visited)
 Temple: D:4-7

Altars:
Qazlal
The Shining One

Shops:
D:1 *(   D:2 (

Annotations:
D:2 1 runed translucent door, exclusion: door, Crazy Yiuf
D:3 1 runed translucent door, exclusion: door, Mique's ghost, weakling DEDe


Innate Abilities, Weirdness & Mutations

You are a hulking beast.
Your limbs bulge with bestial killing power. (Slay +2)
You cannot wear most types of armour.
You are amphibious.
You can wear up to eight rings at the same time.
Your skin changes colour to match your surroundings (Stealth+).
Your rubbery body absorbs attacks. (AC +1, EV +1)
((You are camouflaged when in or above water. (Stealth+)))
You have tentacles for arms and can constrict up to eight enemies at once.


Message History

You tentacle-slap the orc priest.
You kill the orc priest!
The orc priest looks encouraged for a moment.
The scorpion attacks as it pursues you! The scorpion stings you.
You are poisoned.
The scorpion poisons you!
You barely miss the scorpion. Your grab misses the scorpion.
You feel sick. The scorpion stings you!
You tentacle-slap the scorpion but do no damage.
You grab the scorpion.
You constrict the scorpion, but do no damage.
You feel sick. The scorpion barely misses you.
You bludgeon the scorpion! You squeeze the scorpion.
The scorpion is severely wounded.
You constrict the scorpion.
You feel sick. The scorpion barely misses you.
You tentacle-slap the scorpion but do no damage.
The scorpion is severely wounded.
You constrict the scorpion. The scorpion barely misses you.
The orc priest casts a cantrip, but nothing happens.
You tentacle-slap the scorpion but do no damage.
The scorpion is severely wounded.
You constrict the scorpion.
You feel sick. The scorpion misses you. The scorpion stings you.
You are more poisoned.
The scorpion poisons you!
You tentacle-slap the scorpion.
You kill the scorpion!
You feel very sick.
You feel very sick.
The orc priest looks braver for a moment.
The orc attacks as it pursues you! The orc hits you with a +0 hand axe.
You feel very sick.
You feel sick. The orc attacks as it pursues you!
The orc hits you with a +0 hand axe.
* * * LOW HITPOINT WARNING * * *
You see here an iguana corpse.
* * * LOW HITPOINT WARNING * * *
You feel sick. The orc attacks as it pursues you!
The orc hits you with a +0 hand axe.
You die...

##### ...# #
#######.###$##
#.......oh...#
..####.###.##
#.# # #o# #†#
#o..# .##.# ⌠.
.# ... #


You could see an orc.

Vanquished Creatures
  2 brain worms (Sewer)
  A scorpion (D:4)
  An orc priest (D:4)
  An iguana (D:4)
  Natasha (thrice) (D:2)
  9 adders
  3 gnolls (D:2)
  A river rat (Sewer)
  A ribbon worm (D:3)
  3 orcs
  5 ball pythons
  9 endoplasms
  2 giant cockroaches
  7 goblins
  3 hobgoblins
  7 jackals
  10 kobolds
  2 quokkas
  3 bats
  2 frilled lizards (Sewer)
  4 rats
79 creatures vanquished.

Notes
Turn   | Place    | Note
-------+----------+-------------------------------------------
     0 | D:1      | Killerpretzel the Octopode Shapeshifter began the quest for
                  | the Orb.
     0 | D:1      | Reached XP level 1. HP: 13/13 MP: 1/1
    56 | D:1      | Found Owoisob's Antique Weapon Boutique.
   123 | D:1      | Found Byiqi's Assorted Antiques.
   253 | D:1      | Reached XP level 2. HP: 18/18 MP: 2/2
   553 | D:1      | Reached XP level 3. HP: 15/23 MP: 3/3
   726 | D:2      | Reached XP level 4. HP: 10/29 MP: 4/4
   924 | D:2      | Found a runed translucent door.
   925 | D:2      | Noticed Crazy Yiuf
  1105 | D:2      | Found Lohoizeal's Weapon Boutique.
  1195 | D:2      | Found a faded altar of an unknown god.
  1202 | D:2      | Noticed Natasha
  1210 | D:2      | HP: 1/29 [Natasha/magic dart (9)]
  1211 | D:2      | Killed Natasha
  1457 | D:2      | Noticed Natasha
  1462 | D:2      | Killed Natasha
  1463 | D:2      | Reached skill level 4 in Shapeshifting
  1463 | D:2      | Reached XP level 5. HP: 27/34 MP: 5/5
  1515 | D:2      | Noticed Natasha
  1523 | D:2      | Killed Natasha
  1828 | D:3      | Found a stormy altar of Qazlal.
  1879 | D:3      | Noticed Mique's ghost (weakling DEDe)
  1947 | D:3      | Found a glowing drain.
  1952 | Sewer    | Entered a sewer
  2246 | Sewer    | Reached XP level 6. HP: 29/41 MP: 6/6
  2715 | D:3      | Found a runed translucent door.
  2835 | D:3      | Found a glowing golden altar of the Shining One.
  3116 | D:4      | Reached skill level 5 in Shapeshifting
  3116 | D:4      | Reached XP level 7. HP: 27/46 MP: 7/7
  3206 | D:4      | Slain by an orc

Illustrated notes

Levels and vault maps discovered:
D:1:      lightli_arrival_isolated_outpost, layout_basic, serial_shops,
          nicolae_shop_hallway_plus, shop
D:2:      layout_rooms, serial_shops, nicolae_shop_just_a_little_nook,
          serial_curves, eino_curves_03, eino_curves_03,
          ebering_ecumenical_altar_ruins, minmay_tetromino_i2, uniq_natasha,
          uniq_crazy_yiuf_cottage
D:3:      layout_rooms, nicolae_qazlal_general_emergency,
          mainiacjoe_overflow_alcove_2, nicolae_overflow_hidden_temple,
          hellmonk_ghost_happy_afterlife, portal_sewer_entry_e
D:4:      layout_loops_ring, grunt_ministairs_1, minmay_misc_feat_rows,
          kennysheep_potato, uniq_pikel

Skill      XL: |  1  2  3  4  5  6 |
---------------+-------------------+-----
Fighting       | 2 3 |  3.3
Shapeshifting  | 4 5 |  5.2
Dodging        | 3 |  3.7
Unarmed Combat | 4 |  4.4

Action                     |  1- 3 |  4- 6 |  7- 9 || total
---------------------------+-------+-------+-------++-------
  Melee: Unarmed           |    56 |   123 |    11 ||   190
         Tentacles         |    11 |    19 |     1 ||    31
         Constrict         |    12 |    27 |     2 ||    41
         Punch             |     1 |     4 |       ||     5
    Use: Scroll            |       |     9 |       ||     9
   Stab: Sleeping          |     1 |    10 |       ||    11
 Armour: Skin              |    23 |    48 |     7 ||    78
  Dodge: Dodged            |    26 |    76 |     6 ||   108
